 Dungeon Crawl Stone Soup version 0.32-a0-768-g0f6f1dd4b9 (webtiles) character file.

Game seed: 7829167686768901428

374 Rohain the Trooper (level 6, -3/63 HPs)
             Began as an Oni Gladiator on Mar 19, 2024.
             Slain by a human zombie (5 damage)
             ... in an ossuary.
             The game lasted 00:06:08 (2527 turns).

Rohain the Trooper (Oni Gladiator)                  Turns: 2527, Time: 00:06:09

Health: -3/63      AC:  3    Str: 19    XL:     6   Next: 72%
Magic:  19/19      EV:  9    Int: 11    God:
Gold:   130        SH:  0    Dex: 10    Spells: 11/11 levels left

rFire   . . .        g - +7 bardiche of the Many Ziggurats {distort, ^Drain rPois rC- rN+++}
rCold   x . .        (shield currently unavailable)
rNeg    + + +        b - +0 robe
rPois   +            c - +0 hat
rElec   .            (no cloak)
rCorr   .            (gloves unavailable)
SInv    .            (boots unavailable)
Will    .....        (no amulet)
Stlth   +            h - ring of magical power
HPRegen 0.30/turn    (no ring)
MPRegen 0.16/turn

%: no passive effects
@: no status effects
A: large, unfitting armour, horns 1, tough skin 1, double potion healing,
drunken brawling
a: no special abilities


You were in an ossuary.
You visited 1 branch of the dungeon, and saw 4 of its levels.
You also visited: Ossuary.

You collected 130 gold pieces.

Inventory:

Hand Weapons
 a - a +0 war axe
 g - the +7 bardiche of the Many Ziggurats (weapon) {distort, ^Drain rPois rC- rN+++}
   (You acquired it on level 1 of the Dungeon)

   rC-:       It makes you vulnerable to cold.
   rPois:     It protects you from poison.
   rN+++:     It renders you almost immune to negative energy.
   ^Drain:    It drains your maximum health when unequipped.
Missiles
 d - 3 throwing nets (quivered)
 e - 3 large rocks
 q - 2 atropa-tipped darts
 r - 6 datura-tipped darts
Armour
 b - a +0 robe (worn)
 c - a +0 hat (worn)
Jewellery
 h - a ring of magical power (left hand)
Wands
 n - a wand of digging (7)
 u - a wand of flame (20)
Scrolls
 j - a scroll of immolation
 m - a scroll of silence
 s - 3 scrolls of teleportation
Potions
 f - a potion of ambrosia {unknown}
 i - 2 potions of attraction {unknown}
 k - a potion of experience {unknown}
 l - 2 potions of degeneration
 o - a potion of curing
 p - a potion of heal wounds {unknown}
 t - 2 potions of lignification {unknown}


   Skills:
 + Level 4.7 Fighting
 - Level 3.2(4.0) Axes
 * Level 3.6(4.2) Polearms
 - Level 2.0 Throwing
 + Level 3.8 Dodging
 + Level 3.0 Spellcasting


You had 11 spell levels left.
You didn't know any spells.
Your spell library contained the following spells:

 Spells                   Type           Power      Damage    Failure   Level
 Manifold Assault         Tloc           1%         N/A       95%         4
 Dispersal                Tloc           0%         N/A       100%        6
 Disjunction              Tloc           0%         N/A       100%        8


Dungeon Overview and Level Annotations

Branches:
Dungeon (4/15)            Ossuary (1/1)
 Temple: D:4-7

Altars:


Innate Abilities, Weirdness & Mutations

You are too large for most types of armour.
You have a pair of small horns on your head.
You have tough skin. (AC +1)
You gain doubled healing and magic from potions.
Whenever you drink a healing potion, you attack all around you.


Message History

You see here 2 potions of curing.
You are too injured to fight recklessly!
You slice the hound zombie!!
Space warps horribly around the hound zombie!!
You destroy the hound zombie!
You slash the jackal zombie!
You destroy the jackal zombie!
You closely miss the adder zombie.
The adder zombie is lightly damaged.
The adder zombie closely misses you. The adder zombie barely misses you.
You slash the adder zombie!
The adder zombie is devoured by a tear in reality.
You slice the mummy!!
Space warps around the mummy.
You destroy the mummy!
You slice the kobold zombie!!
You destroy the kobold zombie!
You slash the human zombie!
Space warps around the human zombie.
The human zombie is severely damaged.
The human zombie hits you. x2
You slice the human zombie!!
You destroy the human zombie!
The elf zombie hits you.
* * * LOW HITPOINT WARNING * * *
You slash the elf zombie!
Space warps horribly around the elf zombie!!
You destroy the elf zombie!
Your Spellcasting skill increases to level 3!
You closely miss the mummy. The mummy hits you.
* * * LOW HITPOINT WARNING * * *
You slash the mummy! You headbutt the mummy.
The mummy is almost destroyed.
The mummy hits you!
* * * LOW HITPOINT WARNING * * *
You slash the mummy!
You destroy the mummy!
The human zombie barely misses you.
You slice the human zombie!!
The human zombie is severely damaged.
The human zombie hits you.
You die...

############
#!!#........
#!@#..........
##Z#.........##
#.Z................
#..................
#.....##...........
#.....##...........
#..................
#..................
#..#...............


You could see a kobold zombie and a human zombie.

Vanquished Creatures
  An elf zombie (Ossuary)
  2 human zombies (Ossuary)
  2 mummies (Ossuary)
  A hound zombie (Ossuary)
  3 gnolls (D:2)
  2 adders
  2 ribbon worms
  4 dart slugs
  5 orcs
  10 ball pythons
  4 bats
  4 endoplasms
  3 giant cockroaches
  7 goblins
  4 hobgoblins
  3 jackals (D:1)
  5 kobolds
  4 quokkas
  3 frilled lizards
  A jackal zombie (Ossuary)
  3 kobold zombies (Ossuary)
  2 orc skeletons (D:4)
  An orc zombie (Ossuary)
  6 rats
82 creatures vanquished.

Notes
Turn   | Place    | Note
-------+----------+-------------------------------------------
     0 | D:1      | Rohain the Oni Gladiator began the quest for the Orb.
     0 | D:1      | Reached XP level 1. HP: 22/22 MP: 1/1
   177 | D:1      | Reached XP level 2. HP: 29/29 MP: 2/2
   184 | D:1      | Reached skill level 3 in Fighting
   291 | D:1      | Found a faded altar of an unknown god.
   360 | D:1      | Reached skill level 1 in Spellcasting
   504 | D:1      | Identified a scroll of acquirement
   504 | D:1      | Acquired the +7 bardiche of the Many Ziggurats {distort,
                  | ^Drain rPois rC- rN+++}
   513 | D:1      | Reached XP level 3. HP: 37/37 MP: 4/4
   836 | D:2      | Reached skill level 1 in Polearms
   839 | D:2      | Reached XP level 4. HP: 28/45 MP: 6/6
  1934 | D:3      | Reached XP level 5. HP: 54/54 MP: 8/8
  2472 | D:4      | Reached skill level 4 in Fighting
  2484 | D:4      | Found a sand-covered staircase.
  2489 | Ossuary  | Entered an ossuary
  2494 | Ossuary  | Reached XP level 6. HP: 61/63 MP: 9/9
  2525 | Ossuary  | HP: 1/63 [mummy (13)]
  2527 | Ossuary  | Slain by a human zombie

Illustrated notes

Levels and vault maps discovered:
D:1:      scummos_arrival_hexagon, layout_loops_ring,
          hellmonk_ecumenical_altar_blasted
D:2:      layout_basic, patterned_corridor
D:3:      layout_loops_ring
D:4:      layout_cave_pools, nicolae_ossuary_entry_catacombs,
          gammafunk_ghost_split
Ossuary:  ossuary_minmay_tomb_2a

Skill      XL: |  1  2  3  4  5  6 |
---------------+-------------------+-----
Fighting       | 3 4 |  4.7
Spellcasting   | 1 2 3 |  3.0
Dodging        | 3 |  3.8
Polearms       | 1 2 3 |  3.6
Axes           | |  3.2
Throwing       | |  2.0

Action                     |  1- 3 |  4- 6 || total
---------------------------+-------+-------++-------
  Melee: War axe           |    39 |       ||    39
         Bardiche          |    28 |    89 ||   117
         Headbutt          |     4 |     6 ||    10
    Use: Scroll            |     2 |     4 ||     6
         Potion            |       |     1 ||     1
   Stab: Sleeping          |       |     3 ||     3
 Armour: Robe              |    44 |    98 ||   142
  Dodge: Dodged            |    40 |    52 ||    92

Table legend: (Time is in decaauts)
 A = Elapsed time spent in this place.
 B = Non-inter-level travel time spent in this place.
 C = Inter-level travel time spent in this place.
 D = Time resting spent in this place.
 E = Time spent auto-exploring this place.
 F = Levels seen in this place.
 G = Mean time per level.
                   A        B        C        D        E       F      G
               +--------+--------+--------+--------+--------+-----+--------+
         Total |   2626 |   2465 |    161 |      0 |   1876 |   5 |  525.2 |
       Dungeon |   2575 |   2414 |    161 |      0 |   1876 |   4 |  643.8 |
       Ossuary |     51 |     51 |      0 |      0 |      0 |   1 |   51.0 |
               +--------+--------+--------+--------+--------+-----+--------+

Top non-repeatable levels by time:
     D:2: 1100 daAuts
     D:1: 819 daAuts
     D:3: 577 daAuts
     D:4: 78 daAuts
 Ossuary: 51 daAuts
